General information
- name: BNet
- type: Ladder team game (AT/RT)
- host: Battle.net
- saver: LivingStrong
map: BloodstoneMesa
- players: 6
- length: 08:41
- speed: Fast
- version: 1.24 W3XP
- replay type: Public
» download(64 KB)
Players
team 1 (winner)
LEI- (
orange | 89 APM | 774 actions | 08:40)
3 Death Knight
2 Death Coil
1 Unholy Aura
1 Lich
1 Frost Nova
» actions
| Assign group hotkey | 17 | |
| Basic commands | 48 | |
| Build / train | 31 | |
| Enter build submenu | 11 | |
| Enter hero's abilities submenu | 5 | |
| Give item / drop item | 1 | |
| Right click | 478 | |
| Select / deselect | 81 | |
| Select group hotkey | 74 | |
| Use ability | 28 | |
774 total
» units
| Acolyte | 2 | |
| Ghoul | 2 | |
| Crypt Fiend | 7 | |
11 total
» upgrades
| Creature Attack | 2 | |
| Creature Carapace | 1 | |
| Burrow | 1 | |
| Web | 1 | |
5 total
» buildings
| Graveyard | 1 | |
| Crypt | 1 | |
| Altar of Darkness | 1 | |
| Ziggurat | 5 | |
| Tomb of Relics | 1 | |
| Nerubian Tower | 1 | |
| Halls of the Dead | 2 | |
| Black Citadel | 3 | |
| Sacrificial Pit | 2 | |
17 total
» build order
00:15 Graveyard
00:21 Crypt
00:27 Altar of Darkness
00:32 Ziggurat
00:50 Tomb of Relics
01:21 Ziggurat
01:49 Nerubian Tower
03:33 Halls of the Dead
03:33 Halls of the Dead
04:16 Ziggurat
05:37 Ziggurat
06:38 Black Citadel
06:38 Black Citadel
07:39 Sacrificial Pit
07:59 Sacrificial Pit
08:03 Ziggurat
» items
| Rod of Necromancy | 2 | |
| Dust of Appearance | 1 | |
3 total
LivingStrong (
yellow | 99 APM | 860 actions | 08:41)
2 Keeper of the Grove
1 Entangling Roots
1 Thorns Aura
» actions
| Assign group hotkey | 38 | |
| Basic commands | 17 | |
| Build / train | 32 | |
| Enter build submenu | 11 | |
| Enter hero's abilities submenu | 2 | |
| Right click | 464 | |
| Select / deselect | 90 | |
| Select group hotkey | 183 | |
| Use ability | 23 | |
860 total
» units
» upgrades
| Strength of the Moon | 1 | |
| Moon Armor | 1 | |
2 total
» buildings
| Altar of Elders | 1 | |
| Moon Well | 4 | |
| Ancient of War | 3 | |
| Hunter's Hall | 1 | |
| Tree of Life | 1 | |
10 total
» build order
00:05 Altar of Elders
00:17 Moon Well
01:46 Ancient of War
01:49 Ancient of War
01:51 Hunter's Hall
02:14 Ancient of War
02:23 Moon Well
03:25 Moon Well
04:44 Moon Well
06:46 Tree of Life
TheyCallMeGreat (
teal | 85 APM | 734 actions | 08:40)
2 Priestess of the Moon
1 Searing Arrows
1 Trueshot Aura
» actions
| Assign group hotkey | 116 | |
| Basic commands | 63 | |
| Build / train | 55 | |
| Enter build submenu | 8 | |
| Enter hero's abilities submenu | 2 | |
| Right click | 340 | |
| Select / deselect | 94 | |
| Select group hotkey | 32 | |
| Use ability | 24 | |
734 total
» units
» buildings
| Altar of Elders | 1 | |
| Moon Well | 4 | |
| Hunter's Hall | 1 | |
| Ancient of War | 2 | |
8 total
» build order
00:06 Altar of Elders
00:08 Moon Well
01:51 Hunter's Hall
02:15 Ancient of War
02:22 Ancient of War
02:41 Moon Well
03:08 Moon Well
04:42 Moon Well
team 2 (loser)
DEEFER (
green | 58 APM | 496 actions | 08:35)
2 Mountain King
1 Storm Bolt
1 Bash
» actions
| Assign group hotkey | 53 | |
| Basic commands | 6 | |
| Build / train | 27 | |
| Enter build submenu | 11 | |
| Enter hero's abilities submenu | 2 | |
| Right click | 234 | |
| Select / deselect | 102 | |
| Select group hotkey | 39 | |
| Use ability | 22 | |
496 total
» units
| Peasant | 11 | |
| Footman | 8 | |
| Rifleman | 2 | |
21 total
» buildings
| Altar of Kings | 1 | |
| Barracks | 1 | |
| Farm | 4 | |
| Scout Tower | 1 | |
| Arcane Tower | 1 | |
| Keep | 1 | |
| Blacksmith | 1 | |
| Lumber Mill | 1 | |
11 total
» build order
00:17 Altar of Kings
00:23 Barracks
00:31 Farm
00:43 Farm
01:45 Scout Tower
01:56 Farm
02:19 Arcane Tower
03:31 Farm
05:01 Keep
05:15 Blacksmith
05:47 Lumber Mill
REV-X.SLASH (
blue | 70 APM | 605 actions | 08:40)
2 Death Knight
1 Death Coil
1 Unholy Aura
» actions
| Basic commands | 129 | |
| Build / train | 34 | |
| ESC pressed | 4 | |
| Enter build submenu | 7 | |
| Enter hero's abilities submenu | 3 | |
| Right click | 265 | |
| Select / deselect | 132 | |
| Use ability | 31 | |
605 total
» units
| Acolyte | 2 | |
| Ghoul | 2 | |
| Crypt Fiend | 11 | |
15 total
» upgrades
| Creature Attack | 1 | |
| Creature Carapace | 1 | |
| Burrow | 1 | |
3 total
» buildings
| Graveyard | 1 | |
| Crypt | 1 | |
| Altar of Darkness | 1 | |
| Ziggurat | 3 | |
| Tomb of Relics | 1 | |
| Nerubian Tower | 2 | |
| Spirit Tower | 1 | |
| Halls of the Dead | 3 | |
13 total
» build order
00:22 Graveyard
00:29 Crypt
00:44 Altar of Darkness
00:58 Ziggurat
01:11 Tomb of Relics
01:54 Ziggurat
02:47 Nerubian Tower
04:05 Spirit Tower
04:35 Ziggurat
04:45 Halls of the Dead
04:45 Halls of the Dead
» items
Wootasaur (
purple | 86 APM | 710 actions | 08:17)
2 Demon Hunter
1 Mana Burn
1 Evasion
» actions
| Assign group hotkey | 19 | |
| Basic commands | 15 | |
| Build / train | 30 | |
| Enter build submenu | 15 | |
| Enter hero's abilities submenu | 2 | |
| Remove unit from queue | 1 | |
| Right click | 458 | |
| Select / deselect | 153 | |
| Select group hotkey | 3 | |
| Use ability | 14 | |
710 total
» units
» upgrades
| Strength of the Wild | 1 | |
| Reinforced Hides | 1 | |
2 total
» buildings
| Altar of Elders | 1 | |
| Moon Well | 3 | |
| Ancient of War | 2 | |
| Hunter's Hall | 1 | |
| Tree of Ages | 1 | |
8 total
» build order
00:05 Altar of Elders
00:06 Moon Well
01:22 Ancient of War
01:45 Hunter's Hall
02:01 Moon Well
02:25 Ancient of War
03:13 Moon Well
05:12 Tree of Ages
» items
Chat log
(00:01 / All) DEEFER: damn
(00:07 / All) LivingStrong: hey babe
(00:08 / All) DEEFER: you guys like finding zt or what lol
(00:15 / All) LivingStrong: always fun
(00:23 / All) TheyCallMeGreat: deefer<3
(00:33 / All) LivingStrong: would u guys say you are better or worse than razorbacks and wisperwind?
(00:48 / All) LivingStrong: cmonn
(00:54 / All) LivingStrong: i wanna know how hard to try :o
(00:54 / All) TheyCallMeGreat: answer baby<3
(01:03 / Allies) TheyCallMeGreat: ima shoot
(01:03 / All) DEEFER: dont try :)afk plaese
(01:04 / Allies) TheyCallMeGreat: for 150
(01:04 / Allies) TheyCallMeGreat: apm
(01:05 / All) LivingStrong: afk
(01:09 / Allies) TheyCallMeGreat: lol
(01:21 / All) TheyCallMeGreat: Rec
(01:23 / All) TheyCallMeGreat: revv
(01:23 / All) LivingStrong: aka imicro
(01:24 / All) LivingStrong: !
(01:25 / All) TheyCallMeGreat: u play with noobmye
(01:26 / All) TheyCallMeGreat: :O
(01:30 / All) TheyCallMeGreat: AKA sarah)!
(01:31 / Allies) LivingStrong: archer
(01:35 / Allies) TheyCallMeGreat: lol
(01:38 / All) DEEFER: nooby rev and i were pro 3s
(01:41 / All) REV-X.SLASH: sarha no nooby yes
(01:56 / All) TheyCallMeGreat: i am sarah:(
(02:03 / Allies) TheyCallMeGreat: gogo
(02:06 / All) REV-X.SLASH: good for u
(02:10 / All) TheyCallMeGreat: Q_Q
(02:12 / All) DEEFER: cold
(02:15 / All) TheyCallMeGreat: Yea..
(02:18 / All) TheyCallMeGreat: u did me dirtyyy
(02:21 / All) REV-X.SLASH: lol jking
(02:25 / All) TheyCallMeGreat: too lat
(02:32 / All) REV-X.SLASH: lol imba
(03:09 / All) LivingStrong: u guys are mean
(03:21 / All) TheyCallMeGreat: wait for me
(03:22 / All) TheyCallMeGreat: yellow
(03:23 / All) TheyCallMeGreat: !
(03:24 / Allies) LEI-: did he got 1 extra aco?
(03:27 / Allies) LivingStrong: idk
(03:29 / Allies) TheyCallMeGreat: yea
(03:30 / Allies) TheyCallMeGreat: 2
(03:32 / Allies) LivingStrong: expo then
(03:33 / Allies) TheyCallMeGreat: 1*
(03:34 / Allies) LEI-: lol
(03:36 / Allies) LivingStrong: hes expoing
(03:37 / Allies) LivingStrong: "
(03:38 / Allies) LivingStrong: ?
(03:40 / Allies) TheyCallMeGreat: na
(03:42 / Allies) TheyCallMeGreat: he sjust bad
(03:44 / Allies) TheyCallMeGreat: 51%
(03:45 / Allies) TheyCallMeGreat: -.-
(03:48 / Allies) LivingStrong: LMAO
(03:56 / Allies) LivingStrong: stop sucking up my wisp sperm
(03:56 / Allies) LivingStrong: asshole
(03:58 / Allies) LivingStrong: u gotyour own
(04:03 / Allies) TheyCallMeGreat: lol
(04:05 / Allies) LEI-: lol
(04:20 / All) LivingStrong: hey u realize u mana burning me is a big inconvenience
(04:22 / All) LivingStrong: please stop.
(04:23 / All) TheyCallMeGreat: we waitt
(04:34 / Allies) LivingStrong: GOING TO GET MANA
(04:37 / Allies) TheyCallMeGreat: NO
(04:37 / Allies) LivingStrong: surround dh next time i entangle
(04:38 / All) Wootasaur: Bye.
(04:38 / Allies) TheyCallMeGreat: NOT FROM ME
(04:40 / Allies) LivingStrong: YES
(04:45 / Allies) TheyCallMeGreat: bitch
(04:46 / Allies) TheyCallMeGreat: ass mofo
(04:52 / Allies) TheyCallMeGreat: wow
(04:52 / Allies) TheyCallMeGreat: two?
(04:55 / Allies) LivingStrong: LOL
(04:55 / Allies) LEI-: lol
(04:58 / Allies) TheyCallMeGreat: u hog
(05:04 / All) TheyCallMeGreat: Yellow stole two of my wells
(05:07 / All) TheyCallMeGreat: reporting
(05:31 / Allies) LivingStrong: wtf
(05:39 / Allies) LivingStrong: noob
(06:07 / Allies) LivingStrong: ij uot
(06:08 / All) TheyCallMeGreat: u lost hero?
(06:10 / Allies) LivingStrong: get out
(06:14 / All) DEEFER: shhh
(06:15 / All) LivingStrong: yo coil your fiends lol
(06:19 / Allies) LivingStrong: WOW
(06:22 / Allies) LivingStrong: if i knew they sucked that much
(06:23 / Allies) LivingStrong: i woulda stayed
(06:26 / Allies) TheyCallMeGreat: noob
(06:32 / Allies) LivingStrong: I ASSUME THEY ARE DECENT
(06:34 / All) DEEFER: hide!
(06:35 / Allies) LivingStrong: MK + DK > DEER
(06:36 / Allies) LivingStrong: LOL
(06:38 / All) DEEFER: damn
(06:57 / Allies) LEI-: lOL
(07:00 / All) TheyCallMeGreat: LOL@u
(07:04 / All) LivingStrong: thats for my mana asswipe
(07:11 / All) TheyCallMeGreat: haha
(07:16 / Allies) LivingStrong: green
(07:16 / Allies) TheyCallMeGreat: end it
(07:17 / Allies) TheyCallMeGreat: plz
(07:38 / Allies) LivingStrong: blue has 1 fiend
(07:49 / Allies) LivingStrong: end
(07:50 / Allies) LivingStrong: now
(07:50 / Allies) LivingStrong: cmoe
(07:54 / Allies) LivingStrong: hall
(08:18 / All) LivingStrong: gg
(08:20 / Allies) TheyCallMeGreat: lol
(08:20 / All) DEEFER: lol
(08:25 / All) DEEFER: not realy cake walk
(08:26 / All) LivingStrong: thought orange was enemy
(08:28 / All) LivingStrong: was gonna rape him
(08:29 / All) LivingStrong: LOL
(08:39 / Allies) LivingStrong: f u orange